 Dungeon Crawl Stone Soup version 0.30-a0-643-g638baaf3f0 (webtiles) character file.

Game seed: 1984495870312813264

112 HoaS the Ruffian (level 4, 0/36 HPs)
             Began as a Demigod Gladiator on Jan 16, 2023.
             Succumbed to a goblin's poison
             ... on level 2 of the Dungeon.
             The game lasted 00:08:19 (2319 turns).

HoaS the Ruffian (Demigod Gladiator)                Turns: 2319, Time: 00:08:20

Health: 0/36       AC:  8    Str: 19    XL:     4   Next: 38%
Magic:  6/6        EV: 10    Int: 10    God:
Gold:   167        SH:  0    Dex: 15    Spells: 3/3 levels left

rFire   . . .      SeeInvis .      - Unarmed
rCold   . . .      Faith    .    (no shield)
rNeg    . . .      Spirit   .    e - +0 scale mail
rPois   .          Reflect  .    b - +1 helmet
rElec   .          Harm     .    (no cloak)
rCorr   .          Rampage  .    (no gloves)
Will    .....                    (no boots) Stlth
                                 (no amulet)
HPRegen 0.26/turn                (no ring)
MPRegen 0.10/turn                (no ring)

@: lethally poisoned (0 -> -14)
A: high MP 1, forlorn, divine attributes
a: no special abilities


You were on level 2 of the Dungeon.
You visited 1 branch of the dungeon, and saw 3 of its levels.

You collected 167 gold pieces.

Inventory:

Missiles
 c - 2 throwing nets (quivered)
 d - a javelin
 f - 5 boomerangs
Armour
 b - a +1 helmet (worn)
 e - a +0 scale mail (worn)
Scrolls
 g - a scroll of fear
 m - a scroll of teleportation
Potions
 h - a potion of haste
 i - a potion of heal wounds
 j - 2 potions of mutation
 k - a potion of berserk rage
 l - a potion of curing {unknown}


   Skills:
 - Level 1.7 Fighting
 - Level 1.7 Throwing
 - Level 1.7 Armour
 - Level 2.6 Dodging
 * Level 4.5 Unarmed Combat


You had 3 spell levels left.
You didn't know any spells.
Your spell library was empty.

Dungeon Overview and Level Annotations

Branches:
Dungeon (3/15)

Shops:
D:2 (

Annotations:
D:3 Robin


Innate Abilities, Weirdness & Mutations

You have an increased reservoir of magic. (+10% MP)
You shall have no god before yourself.
Your divine heritage dramatically boosts your attributes as you level up.


Message History

The goblin shoots a sling bullet.
The sling bullet hits you but does no damage.
The goblin no longer looks unusually strong.
The goblin shoots a sling bullet.
The sling bullet misses you.
Robin roars a battlecry!
The goblins go into a battle-frenzy!
The goblin shoots a sling bullet.
The sling bullet hits you.
The goblin no longer looks unusually strong.
There is a stone staircase leading up here.
The goblin shoots a sling bullet.
The sling bullet closely misses you. Robin throws the goblin at you!
The goblin hits you but does no damage.
You barely miss the goblin. The goblin closely misses you.
Robin throws the goblin at you! The goblin hits you with a +0 club.
The goblin no longer looks unusually strong.
The goblin hits you with a +1 dagger of venom.
You are poisoned.
The goblin closely misses you. The goblin barely misses you.
You climb upwards.
You feel very sick.
There is a stone staircase leading down here.
You closely miss the goblin.
You feel sick. The goblin closely misses you.
The goblin hits you with a +0 club. x2
You are too injured to fight recklessly!
You are too injured to fight recklessly!
You are too injured to fight recklessly!
The goblin attacks as you move away! The goblin hits you with a +0 club.
You feel sick. The goblin hits you with a +0 club.
The goblin attacks as you move away! The goblin barely misses you.
The goblin attacks as you move away! The goblin closely misses you.
You feel sick. The goblin attacks as you move away!
The goblin hits you with a +1 dagger of venom.
You are lethally poisoned!
* * * LOW HITPOINT WARNING * * *
You feel very sick.
* * * LOW HITPOINT WARNING * * *
You feel very sick. The goblin attacks as you move away!
The goblin hits you but does no damage.
You are more poisoned.
You die...

### #..# #########...........
##.###..# #...........########
##.#.##..#####.###########
..###...........#
##.#..###.#.###.# ## ##..##
##..###.# #. #...# #.>g.#.# #.
#.#>## ##..#g#.############# #.
#....###.....g.@...........## #.
#...#......#.#.########.....###.
##....#####.#.#.# ##.......##.
....#.# #.#.#.######..<......#.
###.#.# #....................#.
###.#.#####...#.######.........#.
.##.#...........##.............#.
.##.#######...#.#(..####.........
.##.##............#...##.........


You could see 2 goblins.

Vanquished Creatures
  2 adders (D:2)
  5 worms (D:2)
  3 dart slugs (D:1)
  6 bats
  5 endoplasms
  A giant cockroach (D:3)
  9 goblins
  8 hobgoblins
  7 jackals
  7 kobolds
  A quokka (D:1)
  4 ball pythons
  2 frilled lizards (D:2)
  7 rats
67 creatures vanquished.

Notes
Turn   | Place    | Note
-------+----------+-------------------------------------------
     0 | D:1      | HoaS the Demigod Gladiator began the quest for the Orb.
     0 | D:1      | Reached XP level 1. HP: 17/17 MP: 3/3
    62 | D:1      | Reached skill level 3 in Unarmed Combat
   162 | D:1      | Reached XP level 2. HP: 24/24 MP: 4/4
   291 | D:1      | Reached skill level 1 in Armour
   731 | D:1      | Reached XP level 3. HP: 29/29 MP: 5/5
  1277 | D:2      | Reached skill level 4 in Unarmed Combat
  1451 | D:2      | Found Maodaloe's Weapon Shoppe.
  1498 | D:2      | Reached XP level 4. HP: 17/36 MP: 6/6
  1637 | D:2      | You fall into a shaft and drop 1 floor!
  2256 | D:3      | Noticed Robin
  2319 | D:2      | Succumbed to a goblin's poison

Illustrated notes

Levels and vault maps discovered:
D:1:      tarquinn_simple_flora_water_e, layout_loops_ring,
          grunt_decor_mini_mirrors, minmay_unequal
D:2:      layout_loops_ring, serial_shops, nicolae_shop_hallway_stairs
D:3:      layout_loops_corners, nicolae_elyvilon_temple_path, uniq_jessica,
          uniq_robin, uniq_crazy_yiuf_cottage

Skill      XL: |  1  2  3 |
---------------+----------+-----
Unarmed Combat | 3 4 |  4.5
Armour         | 1 |  1.7
Fighting       | |  1.7
Throwing       | |  1.7
Dodging        | |  2.6

Action                   |  1- 3 |  4- 6 || total
-------------------------+-------+-------++-------
Melee: Unarmed           |   219 |    50 ||   269
       Punch             |     7 |     1 ||     8
Throw: Throwing net      |     1 |       ||     1
  Use: Scroll            |     4 |     6 ||    10
 Stab: Sleeping          |     3 |       ||     3
Armor: Leather armour    |    59 |     2 ||    61
       Scale mail        |       |    20 ||    20
Dodge: Dodged            |   133 |    33 ||   166

Table legend: (Time is in decaauts)
 A = Elapsed time spent in this place.
 B = Non-inter-level travel time spent in this place.
 C = Inter-level travel time spent in this place.
 D = Time resting spent in this place.
 E = Time spent auto-exploring this place.
 F = Levels seen in this place.
 G = Mean time per level.
                   A        B        C        D        E       F      G
               +--------+--------+--------+--------+--------+-----+--------+
         Total |   2303 |   2151 |    152 |    360 |   1099 |   3 |  767.7 |
       Dungeon |   2303 |   2151 |    152 |    360 |   1099 |   3 |  767.7 |
               +--------+--------+--------+--------+--------+-----+--------+

Top non-repeatable levels by time:
     D:2: 1114 daAuts
     D:1: 1063 daAuts
     D:3: 125 daAuts
